 Dungeon Crawl Stone Soup version 0.28-a0-556-gab23d0e057 (webtiles) character file.

Game seed: 4573009459553880605

1558 Zenkrye the Cruncher (level 9, 0/68 HPs)
             Began as a Formicid Fighter on Sept 28, 2021.
             Killed from afar by a steam dragon (24 damage)
             ... with a ball of steam
             ... on level 6 of the Dungeon.
             The game lasted 00:12:28 (5192 turns).

Zenkrye the Cruncher (Formicid Fighter)             Turns: 5192, Time: 00:12:29

Health: 0/68       AC: 10    Str: 25    XL:     9   Next: 12%
Magic:  9/9        EV: 10    Int:  8    God:
Gold:   145        SH:  6    Dex: 12    Spells: 8/8 levels left

rFire   . . .      SeeInvis +   a - +1 quarterstaff (flame)
rCold   + . .      Faith    .   c - +1 buckler
rNeg    + . .      Spirit   .   b - +0 scale mail
rPois   .          Reflect  .   (helmet unavailable)
rElec   .          Harm     .   u - +0 cloak
rCorr   .          Rampage  +   (no gloves)
Will    +....                   y - +0 pair of boots
Stlth   ..........              l - amulet "Nofoar" {Rampage *Slow rC+ Will+ Regen+ Str+3}
HPRegen 1.21/turn               n - ring of positive energy
MPRegen 0.11/turn               (no ring)

@: no status effects
A: permanent stasis, dig shafts and tunnels, antennae 3, four strong arms
a: Dig, Shaft Self


You were on level 6 of the Dungeon.
You visited 1 branch of the dungeon, and saw 6 of its levels.

You collected 145 gold pieces.

Inventory:

Hand Weapons
 a - a +1 quarterstaff of flaming (weapon)
Missiles
 f - 148 stones (quivered)
 h - 17 poisoned darts
 p - 36 bolts
 s - 3 javelins
Armour
 b - a +0 scale mail (worn)
 c - a +1 buckler (worn)
 u - a +0 cloak (worn)
 y - a +0 pair of boots (worn)
Jewellery
 l - the amulet "Nofoar" (around neck) {Rampage *Slow rC+ Will+ Regen+ Str+3}
   (You found it on level 4 of the Dungeon)

   [amulet of regeneration]

   Str:       It affects your strength (+3).
   rC:        It protects you from cold.
   Regen:     It increases your rate of health regeneration.
   *Slow:     It may slow you when you take damage.
   Rampage:   It bestows one free step when moving towards enemies.
   Will:      It increases your willpower.
 n - a ring of positive energy (left hand)
Wands
 w - a wand of iceblast (17) {@v4}
Scrolls
 e - 2 scrolls of enchant armour
 j - a scroll of silence
Potions
 d - 3 potions of might {@q4}
 g - a potion of attraction
 k - 2 potions of curing {unknown}
 m - 4 potions of mutation
 q - a potion of degeneration {unknown}
 r - 2 potions of brilliance
 v - a potion of heal wounds {unknown}
 x - a potion of resistance {unknown}


   Skills:
 + Level 5.6 Fighting
 * Level 8.8 Staves
 + Level 5.6 Armour
 - Level 5.0 Shields


You had 8 spell levels left.
You didn't know any spells.
Your spell library contained the following spells:

 Spells                   Type           Power      Damage    Failure   Level
 Animate Dead             Necr           0%         N/A       100%        4
 Borgnjor's Vile Clutch   Necr/Erth      0%         N/A       100%        5
 Death Channel            Necr           0%         N/A       100%        6


Dungeon Overview and Level Annotations

Branches:
Dungeon (6/15)
 Temple: D:4-7

Altars:
Makhleb
Sif Muna


Innate Abilities, Weirdness & Mutations

You cannot be hasted, slowed, berserked, paralysed or teleported.
You can dig through walls and to a lower floor.
You have a pair of large antennae on your head. (SInv)
Your four strong arms can wield two-handed weapons with a shield.


Message History

Found a long sword.
Found a stone staircase leading down.
There is a stone staircase leading down here.
You hear the rusting of a drain nearby.
h - 17 poisoned darts (gained 11)
You now have 145 gold pieces (gained 13).
You sense a monster nearby.
A steam dragon comes into view.
The steam dragon hisses angrily.
You block the steam dragon's attack. x2
You hit the steam dragon. You burn the steam dragon.
The steam dragon is lightly wounded.
The steam dragon breathes steam at you. The ball of steam hits you!
You barely miss the steam dragon.
The steam dragon is lightly wounded.
You are engulfed in a cloud of scalding steam.
The steam dragon bites you!
The steam dragon claws you but does no damage.
You hit the steam dragon. You burn the steam dragon.
The steam dragon is lightly wounded.
You are engulfed in a cloud of scalding steam.
The steam dragon closely misses you.
The steam dragon claws you but does no damage.
You are too injured to fight recklessly!
You are too injured to fight recklessly!
You are too injured to fight recklessly!
You closely miss the steam dragon.
The steam dragon is lightly wounded.
You are engulfed in a cloud of scalding steam.
The steam dragon bites you.
The steam dragon claws you but does no damage.
You sock the steam dragon! You burn the steam dragon.
The steam dragon is heavily wounded.
The steam dragon bites you. You block the steam dragon's attack.
You hit the steam dragon. You burn the steam dragon.
The steam dragon is severely wounded.
The steam dragon breathes steam at you. The ball of steam hits you!!
You die...

..#..##.........
##...####...####
##..### .### #####
....... ##
##....### .....#
##...##.. ...###
#...#..# ...#####
#..#..#
...#...#######..#D#
....)..........#@#
...#...#######.#.#
...#...# #.#.#
...##### #..#. ...#
#..#. #### ##..#.
#...# ##..


You could see a steam dragon (catching breath).

Vanquished Creatures
  A steam dragon (D:5)
  2 water moccasins (D:5)
  An orc warrior (D:6)
  A hornet zombie (D:5)
  A sky beast (D:4)
  An ogre (D:5)
  A phantom (D:6)
  A bullfrog (D:5)
  A scorpion (D:5)
  A howler monkey (D:4)
  2 hounds
  A bullfrog zombie (D:6)
  2 jellies (D:6)
  A bullfrog skeleton (D:5)
  2 orc priests (D:5)
  A centaur skeleton (D:5)
  2 iguanas
  5 orc wizards (D:5)
  A hound skeleton (D:5)
  Robin (D:3)
  4 adders
  A shadow imp (D:5)
  A white imp (D:5)
  An adder skeleton (D:4)
  A worm (D:2)
  3 dart slugs
  16 orcs
  9 ball pythons
  3 bats (D:1)
  7 endoplasms
  18 goblins
  8 hobgoblins
  14 jackals
  4 quokkas
  A frilled lizard (D:2)
  5 kobolds
  8 rats
133 creatures vanquished.

Notes
Turn   | Place    | Note
-------+----------+-------------------------------------------
     0 | D:1      | Zenkrye the Formicid Fighter began the quest for the Orb.
     0 | D:1      | Reached XP level 1. HP: 18/18 MP: 1/1
   121 | D:1      | Reached XP level 2. HP: 15/24 MP: 2/2
   374 | D:1      | Reached skill level 3 in Staves
   546 | D:1      | Reached XP level 3. HP: 27/29 MP: 3/3
   629 | D:1      | You fall into a shaft and drop 1 floor!
   670 | D:2      | Found a shimmering blue altar of Sif Muna.
  1132 | D:1      | Reached XP level 4. HP: 26/35 MP: 4/4
  1256 | D:1      | Reached skill level 4 in Staves
  1663 | D:1      | Found a faded altar of an unknown god.
  2385 | D:3      | Reached XP level 5. HP: 38/41 MP: 5/5
  2448 | D:3      | Noticed Robin
  2649 | D:3      | Killed Robin
  2650 | D:3      | Reached skill level 5 in Staves
  3344 | D:3      | Found a burning altar of Makhleb.
  3344 | D:3      | Noticed a balrug
  3348 | D:3      | Noticed a neqoxec
  3348 | D:3      | Noticed a smoke demon
  3488 | D:4      | Identified the amulet "Nofoar" {Rampage *Slow rC+ Will+
                  | Regen+ Str+3}
  3720 | D:4      | Reached XP level 6. HP: 47/47 MP: 6/6
  3807 | D:4      | Noticed a sky beast
  3827 | D:4      | Killed a sky beast
  3828 | D:4      | Reached skill level 6 in Staves
  4004 | D:5      | Entered Level 5 of the Dungeon
  4004 | D:5      | Noticed an ogre
  4011 | D:5      | Killed an ogre
  4012 | D:5      | Reached XP level 7. HP: 52/52 MP: 7/7
  4066 | D:5      | Reached skill level 7 in Staves
  4092 | D:5      | Noticed a steam dragon
  4092 | D:5      | Noticed a water moccasin
  4114 | D:5      | Killed a water moccasin
  4124 | D:5      | Killed a steam dragon
  4125 | D:5      | Reached XP level 8. HP: 10/61 MP: 8/8
  4315 | D:5      | Reached skill level 5 in Shields
  4430 | D:5      | Reached skill level 8 in Staves
  4493 | D:5      | Reached skill level 5 in Armour
  4495 | D:5      | Reached skill level 5 in Fighting
  5019 | D:6      | Reached XP level 9. HP: 23/68 MP: 9/9
  5192 | D:6      | Killed from afar by a steam dragon

Illustrated notes

Levels and vault maps discovered:
D:1:      dpeg_arrival_shrine, layout_loops_corners,
          shapermc_ecumenical_altar_petra, nrook_campfire
D:2:      layout_loops_cross, basic_altar, hangedman_decor_push, minivault_25,
          minmay_misc_feat_plants
D:3:      layout_basic, makhleb_altar_promises_db, grunt_ministairs_7,
          uniq_robin
D:4:      layout_rooms
D:5:      layout_loops_ring, hex_tiny, minmay_fractal_squares_diagonal_5
D:6:      layout_rooms, minmay_temple_entry_steel_oval, gup_sewer_entry_pipe

Skill      XL: |  1  2  3  4  5  6  7  8 |
---------------+-------------------------+-----
Staves         | 3 4 5 6 7 8 |  8.8
Shields        | 4 5 |  5.0
Armour         | 4 5 |  5.6
Fighting       | 4 5 |  5.6

Action                   |  1- 3 |  4- 6 |  7- 9 || total
-------------------------+-------+-------+-------++-------
Melee: Quarterstaff      |    96 |   175 |   170 ||   441
Throw: Stone             |     7 |     5 |     8 ||    20
       Dart              |       |    17 |    32 ||    49
 Abil: Dig               |     1 |       |       ||     1
  Use: Scroll            |       |     9 |     4 ||    13
       Potion            |       |       |     2 ||     2
Armor: Scale mail        |    41 |    47 |    43 ||   131
       Skin              |       |       |    15 ||    15
Dodge: Dodged            |    40 |    65 |    27 ||   132
Block: Buckler           |    23 |    45 |    40 ||   108

Table legend: (Time is in decaauts)
 A = Elapsed time spent in this place.
 B = Non-inter-level travel time spent in this place.
 C = Inter-level travel time spent in this place.
 D = Time resting spent in this place.
 E = Time spent auto-exploring this place.
 F = Levels seen in this place.
 G = Mean time per level.
                   A        B        C        D        E       F      G
               +--------+--------+--------+--------+--------+-----+--------+
         Total |   5203 |   5035 |    168 |    177 |   3858 |   6 |  867.2 |
       Dungeon |   5203 |   5035 |    168 |    177 |   3858 |   6 |  867.2 |
               +--------+--------+--------+--------+--------+-----+--------+

Top non-repeatable levels by time:
     D:1: 1475 daAuts
     D:2: 1099 daAuts
     D:3: 938 daAuts
     D:5: 936 daAuts
     D:4: 519 daAuts
     D:6: 233 daAuts
